 Dungeon Crawl Stone Soup version 0.27.1-34-g3ba077fa99 (webtiles) character file.

Game seed: 1385555201448256207

74 Akaron the Grasshopper (level 4, -1/29 HPs)
             Began as an Octopode Warper on Jan 23, 2022.
             Succumbed to an adder's poison
             ... on level 3 of the Dungeon.
             The game lasted 00:04:45 (2087 turns).

Akaron the Grasshopper (Octopode Warper)            Turns: 2087, Time: 00:04:46

Health: -1/29      AC:  1    Str: 10    XL:     4   Next: 30%
Magic:  7/7        EV: 13    Int: 15    God:
Gold:   75         SH:  0    Dex: 12    Spells: 5/7 levels left

rFire    . . .     SeeInvis .   a - +0 hand axe
rCold    . . .     Faith    .   d - +0 buckler
rNeg     . . .     Spirit   .   (helmet restricted)
rPois    .         Reflect  .   (no amulet)
rElec    .         Harm     .   (no ring)
rCorr    .         Rampage  .   (no ring)
Will     .....                  (no ring)
Stlth    ++........             (no ring)
HPRegen  0.09/turn              (no ring)
MPRegen  0.10/turn              (no ring)
                                (no ring)
                                (no ring)

@: confused, lethally poisoned (-1 -> -10)
A: almost no armour, amphibious, 8 rings, camouflage 1, gelatinous body 1,
(nimble swimmer 1), tentacles
a: no special abilities


You were on level 3 of the Dungeon.
You visited 1 branch of the dungeon, and saw 3 of its levels.

You collected 75 gold pieces.

Inventory:

Hand Weapons
 a - a +0 hand axe (weapon)
Missiles
 c - 5 boomerangs of dispersal (quivered)
 k - 11 poisoned darts
Armour
 d - a +0 buckler (worn)
Magical Staves
 l - a staff of air
Scrolls
 b - a scroll of blinking
 e - a scroll of torment {unknown}
 g - 2 scrolls of identify {unknown}
 h - a scroll of vulnerability {unknown}
 i - a scroll of enchant weapon {unknown}
 m - a scroll of fear {unknown}
Potions
 f - a potion of heal wounds {unknown}
 j - 3 potions of curing {unknown}
 n - 2 potions of degeneration {unknown}


   Skills:
 + Level 2.2 Fighting
 + Level 2.8 Axes
 - Level 1.0 Throwing
 + Level 2.9 Dodging
 - Level 2.2 Stealth
 + Level 0.3 Shields
 + Level 2.1 Spellcasting
 + Level 3.3 Translocations


You had 5 spell levels left.
You knew the following spells:

 Your Spells              Type           Power      Damage    Failure   Level
a - Blink                 Tloc           N/A        N/A       13%         2

Your spell library contained the following spells:

 Spells                   Type           Power      Damage    Failure   Level
 Gell's Gravitas          Tloc           5%         N/A       26%         3
 Lesser Beckoning         Tloc           5%         N/A       26%         3
 Teleport Other           Tloc           11%        N/A       26%         3
 Slow                     Hex            1%         N/A       45%         2
 Confusing Touch          Hex            1%         N/A       71%         3
 Manifold Assault         Tloc           11%        N/A       94%         5
 Yara's Violent Unravell  Hex/Tmut       0%         3d3       100%        5


Dungeon Overview and Level Annotations

Branches:
Dungeon (3/15)

Altars:
Cheibriados


Innate Abilities, Weirdness & Mutations

You cannot wear most types of armour.
You are amphibious.
You can wear up to eight rings at the same time.
Your skin changes colour to match your surroundings (Stealth+).
Your rubbery body absorbs attacks. (AC +1, EV +1)
((You are camouflaged near water. (Stealth+)))
You have tentacles for arms and can constrict up to eight enemies at once.


Message History

The frilled lizard completely misses you.
The orc priest calls down the wrath of Beogh upon you.
Pain shoots through your body!
You hit the frilled lizard.
You kill the frilled lizard!
An adder, an orc and an orc wizard come into view.
The orc wizard is wielding a +0 dagger and wearing a +1 robe of cold resistance.
Found a blackened sapphire ring.
The orc wizard shouts!
The orc shouts!
The adder bites you. You block the adder's attack.
You see here a ball python corpse.
You hit the adder. You grab the adder. You squeeze the adder!
The adder is severely wounded.
You constrict the adder.
The orc priest calls down the wrath of Beogh upon you.
Beogh smites you!
Ouch! That really hurt!
The adder bites you.
* * * LOW HITPOINT WARNING * * *
You are poisoned.
The adder poisons you!
An orc wizard comes into view.
It is wielding a +0 dagger and wearing a +0 robe of positive energy.
You release your grip on the adder.
* * * LOW HITPOINT WARNING * * *
You feel sick.
The orc wizard gestures at you while chanting.
You are confused.
The adder bites you.
* * * LOW HITPOINT WARNING * * *
An orc comes into view. It is wielding a +0 hand axe.
* * * LOW HITPOINT WARNING * * *
You feel sick. The adder bites you.
* * * LOW HITPOINT WARNING * * *
You are more poisoned.
The adder poisons you!
The orc shouts!
You hit the orc priest.
The orc priest is lightly wounded.
You miss the adder.
You die...

. #. .# #.
###.# . #.
##<..# #.# #.
######..###
..
#.##.(....##
#.#.#..######
####...†.##
.......S@#
.......o.#
.........#
.....S.oo.
.........##
..|......#
..#.......
...#.o.o.=


You could see an orc priest, 2 orc wizards, 2 adders and 2 orcs.

Vanquished Creatures
  3 adders
  A dart slug (D:1)
  7 bats
  9 endoplasms
  2 hobgoblins
  8 kobolds
  A quokka (D:2)
  6 ball pythons
  3 frilled lizards
  3 goblins
  4 rats
47 creatures vanquished.

Notes
Turn   | Place    | Note
-------+----------+-------------------------------------------
     0 | D:1      | Akaron the Octopode Warper began the quest for the Orb.
     0 | D:1      | Reached XP level 1. HP: 14/14 MP: 3/3
   190 | D:1      | Reached XP level 2. HP: 19/19 MP: 5/5
   371 | D:1      | Reached skill level 1 in Stealth
   790 | D:2      | Reached XP level 3. HP: 20/24 MP: 6/6
   838 | D:2      | Found a snail-covered altar of Cheibriados.
  1095 | D:2      | Learned a level 2 spell: Blink
  1721 | D:2      | Reached XP level 4. HP: 29/29 MP: 7/7
  2086 | D:3      | HP: 1/29 [adder (1)]
  2087 | D:3      | Succumbed to an adder's poison

Illustrated notes

Levels and vault maps discovered:
D:1:      dpeg_arrival_more_subterranean_lakeside_camping, layout_basic,
          serial_glass, glass_columns_c, glass_columns_c, hangedman_glass_teeth
D:2:      layout_loops_ring, basic_altar
D:3:      layout_rooms

Skill      XL: |  1  2  3 |
---------------+----------+-----
Stealth        | 1 2 |  2.2
Fighting       | |  2.2
Axes           | |  2.8
Throwing       | |  1.0
Dodging        | |  2.9
Shields        | |  0.3
Spellcasting   | |  2.1
Translocations | |  3.3

Action                   |  1- 3 |  4- 6 || total
-------------------------+-------+-------++-------
Melee: Hand axe          |    70 |    16 ||    86
       Tentacles         |    10 |     2 ||    12
       Constrict         |    13 |     3 ||    16
 Stab: Sleeping          |    13 |     1 ||    14
Armor: Skin              |     4 |       ||     4
Dodge: Dodged            |    37 |     8 ||    45
Block: Buckler           |     8 |     4 ||    12
